 Dungeon Crawl Stone Soup version 0.29.0-4-gdea44cf6ec (webtiles) character file.

Game seed: 5874423576020844235

5204 qw the Cleaver (level 10, -8/65 HPs)
             Began as a Gargoyle Fighter on Sept 9, 2022.
             Was an Elder of Okawaru.
             Killed by the air
             ... invoked by Gastronok
              (30 damage)
             ... on level 8 of the Dungeon.
             The game lasted 00:03:52 (9535 turns).

qw the Cleaver (Gargoyle Fighter)                   Turns: 9535, Time: 00:03:53

Health: -8/65      AC: 25    Str: 25    XL:     10   Next: 60%
Magic:  12/13      EV: 10    Int:  8    God:    Okawaru [****..]
Gold:   428        SH:  8    Dex:  9    Spells: 9/9 levels left

rFire   . . .      SeeInvis .   Y - +0 war axe
rCold   + . .      Faith    .   m - +2 buckler
rNeg    + . .      Spirit   .   k - +2 chain mail {rC+}
rPois   inf        Reflect  .   j - +1 helmet
rElec   +          Harm     .   (no cloak)
rCorr   .          Rampage  .   (no gloves)
Will    .....                   e - +0 pair of boots
Stlth   ..........              n - amulet of the acrobat
HPRegen 0.20/turn               (no ring)
MPRegen 0.13/turn               (no ring)

@: heroic
A: sickness immunity, AC +7, negative energy resistance 1, electricity
resistance, torment resistance 1, petrification resistance
a: Renounce Religion, Heroism, Finesse


You were on level 8 of the Dungeon.
You worshipped Okawaru.
Okawaru was greatly pleased with you.
You visited 2 branches of the dungeon, and saw 9 of its levels.

You collected 533 gold pieces.
You spent 105 gold pieces at shops.


Innate Abilities, Weirdness & Mutations

You are immune to sickness and miasma.
Your stone body is resilient. (AC +7)
You are immune to poison.
You resist negative energy. (rN+)
You are resistant to electric shocks. (rElec)
You are resistant to unholy torment.
You are immune to petrification.


   Skills:
 - Level 8.8(13.8) Fighting
 - Level 10.0(15.0) Axes
 + Level 0.1(5.1) Throwing
 - Level 6.4(11.4) Armour
 - Level 2.1(7.1) Dodging
 - Level 5.6(10.6) Shields
 + Level 4.2 Invocations


You had 9 spell levels left.
You didn't know any spells.
Your spell library was empty.

Inventory:

Hand Weapons
 s - the +10 flail of Wondrous Power {freeze, *Corrode Str+4 Dex+5}
   (You found it on level 7 of the Dungeon)

   It freezes those it strikes, dealing additional cold damage.
   It can also slow down cold-blooded creatures.
   Str:       It affects your strength (+4).
   Dex:       It affects your dexterity (+5).
   *Corrode:  It may corrode you when you take damage.
 Y - a +0 war axe (weapon)
Missiles
 c - 3 boomerangs (quivered)
Armour
 e - a +0 pair of boots (worn)
 j - a +1 helmet (worn)
 k - a +2 chain mail of cold resistance (worn)
 m - a +2 buckler (worn)
Jewellery
 n - an amulet of the acrobat (around neck)
Scrolls
 g - 4 scrolls of teleportation
 i - a scroll of identify
 l - 4 scrolls of fog
Potions
 a - 4 potions of curing
 b - 3 potions of attraction
 d - a potion of might
 f - 2 potions of lignification
 h - a potion of haste
 p - a potion of resistance

Dungeon Overview and Level Annotations

Branches:
Dungeon (8/15)             Temple (1/1) D:4
   Lair: D:8-11

Altars:
Ashenzari
Cheibriados
Dithmenos
Elyvilon
Fedhas
Gozag
Kikubaaqudgha
Makhleb
Nemelex Xobeh
Okawaru
Qazlal
Ru
Sif Muna
Trog
Uskayaw
Vehumet
Wu Jian
Xom
Yredelemnul
Zin
The Shining One

Shops:
D:1 (!***   D:5 *

Annotations:
D:3 1 runed translucent door, Crazy Yiuf
D:7 2 transporters, qw's ghost, amateur GrFi
D:8 Gastronok


Message History

You hit the orc.
The orc is almost dead.
The orc wizard mumbles some strange words.
The orc wizard flickers and vanishes!
Deactivating autopickup; reactivate with Ctrl-A.
You hit the orc.
You kill the orc!
Okawaru accepts your kill.
Gastronok waves his eye-stalks in wide circles.
The air twists around and strikes you.
Things that are here:
a +0 trident; a +0 ring mail; an orc corpse Something misses you.
Gastronok gurgles, "I'll eat you, I will!"
You slash Gastronok!
Gastronok is lightly wounded.
You miss something. Something hits you but does no damage.
You slash Gastronok!
Gastronok is moderately wounded.
You hit something. Something hits you.
You hit Gastronok.
Gastronok is moderately wounded.
You hit something. Something hits you but does no damage. Gastronok bites you!
You hit Gastronok.
Gastronok is moderately wounded.
You miss something. You hit Gastronok but do no damage.
Gastronok is moderately wounded.
You slash something! Okawaru accepts your kill.
Reactivating autopickup.
You feel a bit more experienced.
You slash Gastronok!
Gastronok is moderately wounded.
Gastronok waves his eye-stalks in wide circles.
The air twists around and strikes you!!
You die...

#.. ###..#
#.#.#####)...#
.............#######
.###.....###........
#####_#####..######
#.....###..#
..........)#
...###.....##### ##
####.)@wo.#
##)###..... #.# ...
#.# # #.# #.. ###


You could see Gastronok and an orc priest.

Vanquished Creatures
  2 two-headed ogres (D:8)
  Joseph (D:7)
  Sigmund (D:6)
  3 yaks (D:8)
  Menkaure (D:4)
  A water moccasin (D:6)
  Duvessa (D:6)
  4 sky beasts
  3 black bears
  4 ice beasts
  2 centaurs
  An ogre (D:7)
  4 bullfrogs
  2 gnoll sergeants
  3 scorpions (D:5)
  Dowan (D:6)
  A jelly (D:7)
  3 hounds
  A gnoll bouda (D:6)
  2 orc priests (D:4)
  5 iguanas
  Terence (D:3)
  Natasha (D:2)
  5 orc wizards
  25 gnolls
  4 adders
  2 shadow imps
  8 worms
  28 orcs
  13 bats
  4 endoplasms (D:1)
  2 giant cockroaches
  8 hobgoblins
  2 jackals (D:1)
  8 kobolds
  3 quokkas
  3 ball pythons
  7 frilled lizards
  6 goblins
  2 rats
178 creatures vanquished.

Notes
Turn   | Place    | Note
-------+----------+-------------------------------------------
     0 | D:1      | qw the Gargoyle Fighter began the quest for the Orb.
     0 | D:1      | Reached XP level 1. HP: 14/14 MP: 1/1
     0 | D:1      | 0 ||| qw: Version: 0.1-a-113-g051387a
     0 | D:1      | 0 ||| qw: Game counter: 7260
     0 | D:1      | 0 ||| qw: Always use a shield: true
     0 | D:1      | 0 ||| qw: God list: Okawaru
     0 | D:1      | 0 ||| qw: Allow faded altars: false
     0 | D:1      | 0 ||| qw: Do Orc after D:15 true
     0 | D:1      | 0 ||| qw: Do second Lair branch before Depths: true
     0 | D:1      | 0 ||| qw: Lair rune preference: random
     0 | D:1      | 0 ||| qw: Plans: Normal, Zot, God:TSO, Crypt, Tomb, Zig,
                  | Orb
     0 | D:1      | 0 ||| PLANNING D:1-11
    45 | D:1      | Reached skill level 2 in Axes
   100 | D:1      | Reached XP level 2. HP: 15/19 MP: 2/2
   195 | D:1      | 195 ||| Stepping ~*~*~tactically~*~*~ (stealth).
   200 | D:1      | 200 ||| Stepping ~*~*~tactically~*~*~ (stealth).
   285 | D:1      | Found Readd's Weapon Boutique.
   294 | D:1      | 294 ||| SHOPLISTING +0 whip of venom (50 gold, have 9).
   294 | D:1      | 294 ||| SHOPLISTING +8 eveningstar of Springtime {holy, rF-
                  | rC++ rCorr Str+4} (985 gold, have 9).
   344 | D:1      | 344 ||| Stepping ~*~*~tactically~*~*~ (stealth).
   423 | D:1      | Found Boizopn's Assorted Antiques.
   440 | D:1      | 440 ||| SHOPLISTING 2 metallic cyan potions (43 gold, have
                  | 26).
   440 | D:1      | 440 ||| BUYING fuming purple potion (21 gold).
   440 | D:1      | Bought a fuming purple potion for 21 gold pieces
   440 | D:1      | 440 ||| SHOPLISTING glowing hand axe (144 gold, have 5).
   440 | D:1      | 440 ||| SHOPLISTING scroll labelled ICRU FATOMNE (24 gold,
                  | have 5).
   440 | D:1      | 440 ||| SHOPLISTING scroll labelled TEINYEVVIY (24 gold,
                  | have 5).
   440 | D:1      | 440 ||| SHOPLISTING scroll labelled VITYKH YKEO (24 gold,
                  | have 5).
   440 | D:1      | 440 ||| SHOPLISTING scroll labelled YTYSTR URECK (24 gold,
                  | have 5).
   548 | D:1      | Found Vyin's Assorted Antiques.
   554 | D:1      | Found Vexoz's Assorted Antiques.
   560 | D:1      | 560 ||| SHOPLISTING 2 scrolls labelled VITYKH YKEO (64
                  | gold, have 5).
   560 | D:1      | 560 ||| SHOPLISTING club (32 gold, have 5).
   560 | D:1      | 560 ||| SHOPLISTING glowing scale mail (224 gold, have 5).
   560 | D:1      | 560 ||| SHOPLISTING green potion (28 gold, have 5).
   560 | D:1      | 560 ||| SHOPLISTING metallic cyan potion (28 gold, have 5).
   560 | D:1      | 560 ||| SHOPLISTING potion of might (128 gold, have 5).
   560 | D:1      | 560 ||| SHOPLISTING scroll labelled MALANA ANASK (32 gold,
                  | have 5).
   560 | D:1      | 560 ||| SHOPLISTING scroll labelled VACHOC EPAN (32 gold,
                  | have 5).
   571 | D:1      | 571 ||| SHOPLISTING glowing mace (108 gold, have 5).
   571 | D:1      | 571 ||| SHOPLISTING metallic cyan potion (16 gold, have 5).
   571 | D:1      | 571 ||| SHOPLISTING pair of gloves (81 gold, have 5).
   571 | D:1      | 571 ||| SHOPLISTING scroll labelled CODOJA IMUYHU (18 gold,
                  | have 5).
   571 | D:1      | 571 ||| SHOPLISTING scroll labelled ICRU FATOMNE (18 gold,
                  | have 5).
   571 | D:1      | 571 ||| SHOPLISTING scroll labelled VACHOC EPAN (18 gold,
                  | have 5).
   601 | D:1      | Reached skill level 3 in Axes
   677 | D:1      | 677 ||| Stepping ~*~*~tactically~*~*~ (stealth).
   692 | D:1      | 692 ||| Stepping ~*~*~tactically~*~*~ (stealth).
   693 | D:1      | 693 ||| Stepping ~*~*~tactically~*~*~ (stealth).
   719 | D:1      | 719 ||| Stepping ~*~*~tactically~*~*~ (stealth).
   723 | D:1      | Reached XP level 3. HP: 17/23 MP: 3/3
   829 | D:1      | 829 ||| Stepping ~*~*~tactically~*~*~ (stealth).
   956 | D:1      | Found Foicvess's Distillery.
   959 | D:1      | 959 ||| SHOPLISTING 2 potions of curing (72 gold, have 5).
   959 | D:1      | 959 ||| SHOPLISTING 2 potions of heal wounds (120 gold,
                  | have 5).
   959 | D:1      | 959 ||| SHOPLISTING 2 potions of mutation (192 gold, have
                  | 5).
   959 | D:1      | 959 ||| SHOPLISTING potion of cancellation (96 gold, have
                  | 5).
   959 | D:1      | 959 ||| SHOPLISTING potion of curing (36 gold, have 5).
   959 | D:1      | 959 ||| SHOPLISTING potion of heal wounds (60 gold, have
                  | 5).
  1208 | D:1      | Found a faded altar of an unknown god.
  1393 | D:1      | 1393 ||| READING scroll labelled VACHOC EPAN.
  1398 | D:1      | 1398 ||| READING 2 scrolls labelled ICRU FATOMNE.
  1483 | D:2      | 1483 ||| Stepping ~*~*~tactically~*~*~ (stealth).
  1574 | D:2      | Found a shimmering altar of Xom.
  1652 | D:2      | 1652 ||| Stepping ~*~*~tactically~*~*~ (hiding).
  1654 | D:2      | 1654 ||| Stepping ~*~*~tactically~*~*~ (hiding).
  1847 | D:2      | 1847 ||| Stepping ~*~*~tactically~*~*~ (stealth).
  1873 | D:2      | Reached XP level 4. HP: 25/28 MP: 4/4
  1996 | D:2      | You fall into a shaft and drop 1 floor!
  2007 | D:3      | 2007 ||| DROPPING +0 club.
  2008 | D:3      | 2008 ||| DROPPING +0 hammer.
  2012 | D:3      | Found a runed translucent door.
  2013 | D:3      | Noticed Crazy Yiuf
  2040 | D:3      | Found a stormy altar of Qazlal.
  2063 | D:3      | Reached skill level 4 in Axes
  2063 | D:3      | 2063 ||| Stepping ~*~*~tactically~*~*~ (stealth).
  2118 | D:3      | Found a snail-covered altar of Cheibriados.
  2212 | D:3      | 2212 ||| Stepping ~*~*~tactically~*~*~ (stealth).
  2214 | D:3      | 2214 ||| Stepping ~*~*~tactically~*~*~ (stealth).
  2216 | D:3      | 2216 ||| Stepping ~*~*~tactically~*~*~ (stealth).
  2217 | D:3      | 2217 ||| Stepping ~*~*~tactically~*~*~ (stealth).
  2219 | D:3      | 2219 ||| Stepping ~*~*~tactically~*~*~ (stealth).
  2221 | D:3      | 2221 ||| Stepping ~*~*~tactically~*~*~ (stealth).
  2278 | D:3      | Noticed Terence
  2295 | D:3      | HP: 7/28 [Terence/+0 flail (3)]
  2296 | D:3      | 2296 ||| READING scroll of teleportation.
  2580 | D:3      | 2580 ||| UPGRADING to +0 pair of boots.
  2585 | D:3      | 2585 ||| UPGRADING to +0 chain mail.
  2595 | D:3      | 2595 ||| DROPPING +0 scale mail.
  2596 | D:3      | 2596 ||| READING scroll labelled WOTIKU BOSUA.
  2597 | D:3      | 2597 ||| READING scroll labelled ETASYC OLUQ.
  2598 | D:3      | 2598 ||| READING scroll labelled RETYEST GAUFAOSE.
  2599 | D:3      | 2599 ||| DRINKING 2 fizzy blue potions.
  2600 | D:3      | 2600 ||| READING 7 scrolls of identify.
  2600 | D:3      | 2600 ||| IDENTIFYING fuming purple potion
  2601 | D:3      | 2601 ||| READING 6 scrolls of identify.
  2601 | D:3      | 2601 ||| IDENTIFYING green potion
  2644 | D:2      | Noticed Natasha
  2650 | D:2      | Killed Natasha
  2687 | D:2      | 2687 ||| READING 5 scrolls of identify.
  2687 | D:2      | 2687 ||| IDENTIFYING red potion
  2804 | D:3      | Reached XP level 5. HP: 32/32 MP: 5/5
  3017 | D:3      | Found a bloodstained altar of Trog.
  3111 | D:3      | HP: 8/32 [Terence/+0 flail (2)]
  3118 | D:3      | Killed Terence
  3375 | D:3      | 3375 ||| DROPPING +2 hammer of protection.
  3454 | D:3      | Noticed an ice beast
  3457 | D:3      | 3457 ||| Stepping ~*~*~tactically~*~*~ (stealth).
  3458 | D:3      | 3458 ||| Stepping ~*~*~tactically~*~*~ (stealth).
  3475 | D:3      | Killed an ice beast
  3476 | D:3      | Reached skill level 5 in Axes
  3476 | D:3      | Reached XP level 6. HP: 27/37 MP: 6/6
  3480 | D:3      | 3480 ||| Stepping ~*~*~tactically~*~*~ (stealth).
  3723 | D:3      | 3723 ||| UPGRADING to +2 chain mail of cold resistance.
  3733 | D:3      | 3733 ||| DROPPING +0 chain mail.
  3974 | D:4      | Noticed a black bear
  3975 | D:4      | 3975 ||| Stepping ~*~*~tactically~*~*~ (stealth).
  4236 | D:4      | Found a staircase to the Ecumenical Temple.
  4237 | D:4      | 4237 ||| PLANNING TEMPLE
  4237 | D:4      | 4237 ||| READING scroll labelled MELAPO USARAPS.
  4328 | D:4      | 4328 ||| Stepping ~*~*~tactically~*~*~ (stealth).
  4329 | D:4      | 4329 ||| READING scroll labelled IMEHOPR HYITHE.
  4339 | Temple   | Entered the Ecumenical Temple
  4449 | Temple   | 4449 ||| PLANNING D:1-11
  4478 | D:4      | 4478 ||| Stepping ~*~*~tactically~*~*~ (stealth).
  4525 | D:4      | 4525 ||| READING scroll labelled YTYSTR URECK.
  4526 | D:4      | 4526 ||| Stepping randomly (stuck).
  4527 | D:4      | 4527 ||| Stepping ~*~*~tactically~*~*~ (stealth).
  4534 | D:4      | 4534 ||| Stepping ~*~*~tactically~*~*~ (stealth).
  4564 | D:4      | 4564 ||| Stepping ~*~*~tactically~*~*~ (stealth).
  4566 | D:4      | 4566 ||| Stepping ~*~*~tactically~*~*~ (hiding).
  4569 | D:4      | 4569 ||| Stepping ~*~*~tactically~*~*~ (stealth).
  4577 | D:4      | Reached skill level 6 in Axes
  4583 | D:4      | 4583 ||| FLEEEEING.
  4584 | D:4      | 4584 ||| FLEEEEING.
  4585 | D:4      | 4585 ||| FLEEEEING.
  4586 | D:4      | 4586 ||| FLEEEEING.
  4588 | D:4      | 4588 ||| FLEEEEING.
  4589 | D:4      | 4589 ||| FLEEEEING.
  4590 | D:4      | 4590 ||| FLEEEEING.
  4591 | D:4      | 4591 ||| FLEEEEING.
  4592 | D:4      | 4592 ||| FLEEEEING.
  4593 | D:4      | 4593 ||| FLEEEEING.
  4594 | D:4      | 4594 ||| FLEEEEING.
  4595 | D:4      | 4595 ||| FLEEEEING.
  4596 | D:4      | 4596 ||| FLEEEEING.
  4597 | D:4      | 4597 ||| FLEEEEING.
  4598 | D:4      | 4598 ||| FLEEEEING.
  4599 | D:4      | 4599 ||| FLEEEEING.
  4600 | D:4      | 4600 ||| FLEEEEING.
  4601 | D:4      | 4601 ||| FLEEEEING.
  4602 | D:4      | 4602 ||| FLEEEEING.
  4603 | D:4      | 4603 ||| FLEEEEING.
  4604 | D:4      | 4604 ||| FLEEEEING.
  4605 | D:4      | 4605 ||| FLEEEEING.
  4607 | D:4      | 4607 ||| STAIRDANCE
  4725 | D:3      | 4725 ||| READING scroll labelled GIOGHE OMOTAZ.
  4726 | D:3      | 4726 ||| READING 4 scrolls of identify.
  4726 | D:3      | 4726 ||| IDENTIFYING inky potion
  4727 | D:3      | 4727 ||| DROPPING potion of berserk rage.
  4800 | D:4      | Found an iron altar of Okawaru.
  4807 | D:4      | Became a worshipper of Warmaster Okawaru
  4828 | D:4      | Noticed Menkaure
  4829 | D:4      | 4829 ||| Stepping ~*~*~tactically~*~*~ (hiding).
  4832 | D:4      | 4832 ||| Stepping ~*~*~tactically~*~*~ (hiding).
  4839 | D:4      | Killed Menkaure
  4840 | D:4      | Reached XP level 7. HP: 29/43 MP: 7/7
  5236 | D:4      | 5236 ||| Stepping ~*~*~tactically~*~*~ (stealth).
  5240 | D:4      | 5240 ||| Stepping ~*~*~tactically~*~*~ (stealth).
  5327 | D:4      | Found a burning altar of Makhleb.
  5391 | D:4      | 5391 ||| Stepping ~*~*~tactically~*~*~ (stealth).
  5392 | D:4      | 5392 ||| Stepping ~*~*~tactically~*~*~ (stealth).
  5469 | D:4      | Found an ornate altar of the Wu Jian Council.
  5530 | D:4      | 5530 ||| UPGRADING to +1 helmet.
  5535 | D:4      | 5535 ||| READING scroll labelled PIBBUF WICS.
  5624 | D:5      | Entered Level 5 of the Dungeon
  5648 | D:5      | Reached skill level 7 in Axes
  5793 | D:5      | Reached * piety under Okawaru
  5794 | D:5      | Reached XP level 8. HP: 46/48 MP: 8/8
  5806 | D:5      | Found Zoqiptet's General Store.
  5816 | D:5      | 5816 ||| BUYING potion of curing (36 gold).
  5816 | D:5      | Bought a potion of curing for 36 gold pieces
  5816 | D:5      | 5816 ||| BUYING scroll of fog (48 gold).
  5816 | D:5      | Bought a scroll of fog for 48 gold pieces
  5825 | D:5      | 5825 ||| Stepping ~*~*~tactically~*~*~ (hiding).
  5832 | D:5      | 5832 ||| INVOKING Heroism.
  5838 | D:5      | Reached skill level 1 in Invocations
  5887 | D:5      | 5887 ||| DROPPING +0 flail.
  5891 | D:5      | Found a sparkling altar of Nemelex Xobeh.
  5949 | D:5      | Found an opulent altar of Gozag.
  6073 | D:5      | 6073 ||| Stepping ~*~*~tactically~*~*~ (stealth).
  6271 | D:5      | Reached skill level 3 in Invocations
  6282 | D:5      | 6282 ||| INVOKING Heroism.
  6954 | D:5      | 6954 ||| UPGRADING to amulet of the acrobat.
  6989 | D:6      | Found a basalt altar of Yredelemnul.
  7004 | D:6      | 7004 ||| Stepping ~*~*~tactically~*~*~ (hiding).
  7013 | D:6      | Reached skill level 8 in Axes
  7026 | D:6      | 7026 ||| INVOKING Heroism.
  7045 | D:6      | 7045 ||| DROPPING +0 flail of protection.
  7049 | D:6      | 7049 ||| Stepping ~*~*~tactically~*~*~ (stealth).
  7050 | D:6      | 7050 ||| Stepping ~*~*~tactically~*~*~ (stealth).
  7051 | D:6      | 7051 ||| Stepping ~*~*~tactically~*~*~ (stealth).
  7060 | D:6      | Reached XP level 9. HP: 55/55 MP: 12/12
  7083 | D:6      | Reached ** piety under Okawaru
  7084 | D:6      | Reached skill level 6 in Fighting
  7151 | D:6      | 7151 ||| INVOKING Heroism.
  7223 | D:6      | Noticed Sigmund
  7224 | D:6      | 7224 ||| Stepping ~*~*~tactically~*~*~ (hiding).
  7227 | D:6      | 7227 ||| INVOKING Heroism.
  7234 | D:6      | Killed Sigmund
  7413 | D:6      | Noticed Dowan
  7414 | D:6      | 7414 ||| INVOKING Heroism.
  7417 | D:6      | Noticed Duvessa
  7423 | D:6      | Killed Duvessa
  7424 | D:6      | Reached skill level 9 in Axes
  7438 | D:6      | 7438 ||| Stepping ~*~*~tactically~*~*~ (hiding).
  7441 | D:6      | 7441 ||| INVOKING Heroism.
  7447 | D:6      | 7447 ||| Stepping ~*~*~tactically~*~*~ (hiding).
  7450 | D:6      | 7450 ||| Stepping ~*~*~tactically~*~*~ (hiding).
  7456 | D:6      | 7456 ||| Stepping ~*~*~tactically~*~*~ (hiding).
  7458 | D:6      | 7458 ||| INVOKING Heroism.
  7459 | D:6      | Killed Dowan
  7593 | D:6      | 7593 ||| Stepping ~*~*~tactically~*~*~ (stealth).
  7594 | D:6      | 7594 ||| Stepping ~*~*~tactically~*~*~ (stealth).
  7812 | D:6      | 7812 ||| READING 4 scrolls of identify.
  7812 | D:6      | 7812 ||| IDENTIFYING viscous black potion
  7813 | D:6      | 7813 ||| READING 3 scrolls of identify.
  7813 | D:6      | 7813 ||| IDENTIFYING fizzy clear potion
  7814 | D:6      | 7814 ||| DROPPING potion of degeneration.
  7841 | D:7      | Noticed Joseph
  7843 | D:7      | 7843 ||| Stepping ~*~*~tactically~*~*~ (stealth).
  7850 | D:7      | 7850 ||| INVOKING Heroism.
  7861 | D:7      | Killed Joseph
  7864 | D:7      | HP: 12/56 [bullfrog (4)]
  7865 | D:7      | 7865 ||| READING 4 scrolls of teleportation.
  7871 | D:7      | 7871 ||| INVOKING Heroism.
  7874 | D:7      | 7874 ||| READING 3 scrolls of teleportation.
  7965 | D:7      | 7965 ||| INVOKING Heroism.
  7976 | D:7      | 7976 ||| FLEEEEING.
  7977 | D:7      | 7977 ||| FLEEEEING.
  7979 | D:7      | 7979 ||| FLEEEEING.
  7981 | D:7      | 7981 ||| FLEEEEING.
  7982 | D:7      | 7982 ||| FLEEEEING.
  7983 | D:7      | 7983 ||| FLEEEEING.
  7984 | D:7      | 7984 ||| STAIRDANCE
  8317 | D:7      | 8317 ||| INVOKING Heroism.
  8364 | D:7      | Reached *** piety under Okawaru
  8447 | D:7      | Noticed qw's ghost (amateur GrFi)
  8447 | D:7      | Identified the +10 great mace of Demonic Punishment {flame,
                  | Will+}
  8447 | D:7      | Noticed a two-headed ogre
  8449 | D:7      | 8449 ||| INVOKING Heroism.
  8502 | D:7      | Found a transporter.
  8504 | D:7      | Identified the +10 flail of Wondrous Power {freeze,
                  | *Corrode Str+4 Dex+5}
  8506 | D:7      | 8506 ||| DROPPING +1 flail of protection.
  8798 | D:7      | Found a transporter.
  8817 | D:7      | Reached XP level 10. HP: 57/63 MP: 13/13
  8854 | D:7      | 8854 ||| UPGRADING to +2 buckler.
  8864 | D:7      | 8864 ||| DROPPING +0 buckler.
  8865 | D:7      | 8865 ||| READING 2 scrolls labelled VITYKH YKEO.
  8866 | D:7      | 8866 ||| READING 2 scrolls of identify.
  8866 | D:7      | 8866 ||| IDENTIFYING bubbling ruby potion
  8867 | D:7      | 8867 ||| DROPPING scroll of fear.
  8868 | D:7      | 8868 ||| DROPPING potion of flight.
  8926 | D:8      | 8926 ||| Stepping ~*~*~tactically~*~*~ (stealth).
  8926 | D:8      | Found a shimmering blue altar of Sif Muna.
  8927 | D:8      | 8927 ||| Stepping ~*~*~tactically~*~*~ (stealth).
  8946 | D:8      | 8946 ||| Stepping ~*~*~tactically~*~*~ (stealth).
  8991 | D:8      | 8991 ||| READING 5 scrolls of teleportation.
  9000 | D:8      | Reached skill level 10 in Axes
  9013 | D:8      | 9013 ||| INVOKING Heroism.
  9172 | D:8      | Noticed a two-headed ogre
  9173 | D:8      | 9173 ||| INVOKING Heroism.
  9180 | D:8      | Killed a two-headed ogre
  9209 | D:8      | Found a sacrificial altar of Ru.
  9290 | D:8      | Found a broken altar of Ashenzari.
  9290 | D:8      | Noticed a two-headed ogre
  9291 | D:8      | 9291 ||| Stepping ~*~*~tactically~*~*~ (stealth).
  9293 | D:8      | 9293 ||| INVOKING Heroism.
  9297 | D:8      | 9297 ||| Stepping ~*~*~tactically~*~*~ (stealth).
  9302 | D:8      | Killed a two-headed ogre
  9302 | D:8      | Reached **** piety under Okawaru
  9303 | D:8      | Reached skill level 6 in Armour
  9381 | D:8      | 9381 ||| FLEEEEING.
  9465 | D:8      | 9465 ||| Stepping ~*~*~tactically~*~*~ (stealth).
  9471 | D:8      | 9471 ||| DRINKING 5 potions of curing.
  9471 | D:8      | 9471 ||| (to cure confusion)
  9523 | D:8      | Noticed Gastronok
  9524 | D:8      | 9524 ||| INVOKING Heroism.
  9535 | D:8      | Killed from afar by Gastronok

Levels and vault maps discovered:
D:1:      dpeg_arrival_oval, layout_basic, dilly_ecumenical_altar_fadedgnrine,
          serial_shops, nicolae_shop_behind_doors, nicolae_shop_trees, shop,
          nicolae_shop_waterfront, nicolae_shop_overgrown_old_shop,
          minivault_24, minmay_pentomino_z2
D:2:      layout_basic, basic_altar, uniq_natasha
D:3:      layout_loops_ring, mainiacjoe_overflow_concentric_impassable,
          nicolae_qazlal_scattered_showers, marbit_many_paths, minmay_pentangle,
          uniq_terence, uniq_crazy_yiuf_cottage
D:4:      layout_loops_corners, okawaru_gym_becter,
          nicolae_wu_jian_immortal_techniques, lightli_temple_of_fire,
          minmay_temple_entry_sparse_star, uniq_menkaure
D:5:      layout_layer_cave, nemelex_xobeh_ov_fountains_minmay,
          kennysheep_mini_moat, serial_shops, shop, minmay_misc_feat_roman
D:6:      layout_basic, mainiacjoe_overflow_chevrons, uniq_sigmund, uniq_duvessa
D:7:      layout_basic, gammafunk_ghost_smash, uniq_joseph
D:8:      layout_loops_ring, mainiacjoe_overflow_alcove_4,
          nicolae_ru_sacrificial_ziggurat, cheibrodos_ashenzari_chains,
          uniq_gastronok
Temple:   nicolae_temple_two_arcs

Skill      XL: |  1  2  3  4  5  6  7  8  9 10 |
---------------+-------------------------------+-----
Axes           | 2 3 4 5 6 7 8 9 10 | 10.0
Fighting       | 4 5 7 8 |  8.8
Dodging        | 2 |  2.1
Invocations    | 4 |  4.2
Armour         | 4 5 6 |  6.4
Shields        | 5 |  5.6
Throwing       | |  0.1

Action                   |  1- 3 |  4- 6 |  7- 9 | 10-12 || total
-------------------------+-------+-------+-------+-------++-------
Melee: War axe           |   122 |   182 |   309 |    93 ||   706
Invok: Heroism           |       |       |    13 |     4 ||    17
  Use: Scroll            |     2 |    12 |     5 |     3 ||    22
       Potion            |       |     1 |       |     1 ||     2
Armor: Scale mail        |    53 |    15 |       |       ||    68
       Chain mail        |       |    73 |   174 |    44 ||   291
Dodge: Dodged            |    49 |    62 |   121 |    29 ||   261
Block: Buckler           |    27 |    31 |    58 |    22 ||   138

Table legend:
 A = Non-vault XP
 B = Vault XP
 C = Vault XP percentage of total XP
 D = Non-vault monster count
 E = Vault monster count
 F = Vault count percentage of total count
                 A         B        C        D         E       F
            +---------+---------+-------+---------+---------+-------
      Total |    6135 |    1300 |  17.5 |     160 |      18 |  10.1
            +---------+---------+-------+---------+---------+-------
        D:1 |      43 |       2 |   4.4 |      27 |       1 |   3.6
        D:2 |      50 |      35 |  41.2 |      20 |       1 |   4.8
        D:3 |      46 |     191 |  80.6 |      13 |      11 |  45.8
        D:4 |     416 |     169 |  28.9 |      31 |       1 |   3.1
        D:5 |    1049 |       0 |   0.0 |      21 |       0 |   0.0
        D:6 |     806 |     428 |  34.7 |      16 |       3 |  15.8
        D:7 |     944 |     475 |  33.5 |      12 |       1 |   7.7
        D:8 |    2781 |       0 |   0.0 |      20 |       0 |   0.0
            +---------+---------+-------+---------+---------+-------
